 Dungeon Crawl Stone Soup version 0.31-a0-18-gea43df2a32 (webtiles) character file.

Game seed: 10317282696857330799

41 Essalna the Firebug (level 3, -1/20 HPs)
             Began as a Tengu Fire Elementalist on May 12, 2023.
             Slain by a goblin
             ... wielding a +0 club
             ... led by Robin
              (2 damage)
             ... on level 2 of the Dungeon.
             The game lasted 00:03:33 (1555 turns).

Essalna the Firebug (Tengu Fire Elementalist)       Turns: 1555, Time: 00:03:34

Health: -1/20      AC:  2    Str:  8    XL:     3   Next: 52%
Magic:  7/7        EV: 11    Int: 17    God:
Gold:   91         SH:  3    Dex: 14    Spells: 3/6 levels left

rFire   . . .        (no weapon)
rCold   . . .        f - +0 buckler
rNeg    . . .        a - +0 robe
rPois   .            (helmet restricted)
rElec   .            (no cloak)
rCorr   .            (no gloves)
SInv    .            (boots unavailable)
Will    .....        (no amulet)
Stlth   ++           (no ring)
HPRegen 0.23/turn    (no ring)
MPRegen 0.10/turn

%: no passive effects
@: no status effects
A: beak, talons 3
a: no special abilities


You were on level 2 of the Dungeon.
You visited 1 branch of the dungeon, and saw 2 of its levels.

You collected 91 gold pieces.

Inventory:

Armour
 a - a +0 robe (worn)
 f - a +0 buckler (worn)
Jewellery
 i - an amulet of faith
 o - an amulet of reflection
Scrolls
 c - a scroll of fear {unknown}
 e - a scroll of immolation {unknown}
 g - 4 scrolls of identify {unknown}
 h - 2 scrolls of teleportation {unknown}
 l - a scroll of fog {unknown}
 m - a scroll of poison {unknown}
 n - a scroll of enchant armour {unknown}
 p - a scroll of amnesia {unknown}
Potions
 d - a potion of might {unknown}
 j - 2 potions of flight {unknown}
 k - a potion of cancellation {unknown}


   Skills:
 + Level 1.4 Fighting
 - Level 2.1 Dodging
 - Level 2.0 Stealth
 - Level 2.0 Spellcasting
 + Level 2.7 Conjurations
 + Level 3.9 Fire Magic


You had 3 spell levels left.
You knew the following spells:

 Your Spells              Type           Power      Damage    Failure   Level
a - Foxfire               Conj/Fire      52%        2x1d6     8%          1
b - Scorch                Fire           30%        2d6       10%         2

Your spell library contained the following spells:

 Spells                   Type           Power      Damage    Failure   Level
 Shock                    Conj/Air       24%        1d4       19%         1
 Inner Flame              Hex/Fire       8%         N/A       38%         3
 Volatile Blastmotes      Fire/Tloc      16%        2d11      38%         3
 Swiftness                Air            1%         N/A       67%         3
 Flame Wave               Conj/Fire      13%        2d6       61%         4
 Airstrike                Air            0%         2d(1-17)  97%         4


Dungeon Overview and Level Annotations

Branches:
Dungeon (2/15)

Altars:

Shops:
D:1 [[[*

Annotations:
D:2 Robin


Innate Abilities, Weirdness & Mutations

You have a beak for a mouth.
You have claws for feet.


Message History

Robin attacks as you move away! Robin hits you with a +0 whip.
Things that are here:
a +0 dagger; a goblin corpse The goblin attacks as you move away!
The goblin closely misses you. Robin throws the goblin at you!
You block the goblin's attack.
You see here a +0 spear.
The goblin misses you.
Your magical contamination has completely faded away.
The goblin attacks as you move away! The goblin completely misses you.
Robin throws the goblin at you! The goblin closely misses you.
Okay, then.
Magic courses through your body. The goblin barely misses you. x2
The goblin misses you. The goblin attacks as you move away!
The goblin hits you with a +0 club. Robin throws the goblin at you!
The goblin misses you. The goblin attacks as you move away!
The goblin barely misses you.
The goblin no longer looks unusually strong.
Robin throws the goblin at you! The goblin hits you with a +0 dagger.
* * * LOW HITPOINT WARNING * * *
The goblin attacks as you move away! The goblin hits you but does no damage.
Robin attacks as you move away! Robin hits you with a +0 whip.
* * * LOW HITPOINT WARNING * * *
The goblin no longer looks unusually strong.
Robin throws the goblin at you! The goblin hits you with a +0 dagger.
* * * LOW HITPOINT WARNING * * *
Robin roars a battlecry!
The goblins go into a battle-frenzy!
The goblin closely misses you. Robin throws the goblin at you!
The goblin closely misses you.
Things that are here:
a +0 dagger; a goblin corpse The goblin attacks as you move away!
The goblin hits you with a +0 dagger.
* * * LOW HITPOINT WARNING * * *
The goblin attacks as you move away! The goblin closely misses you.
The goblin no longer looks unusually strong.
Robin roars a battlecry!
The goblin goes into a battle-frenzy!
The goblin hits you with a +0 club.
You die...

#g##.#.#...... #.g...........
####g.<#####.# ##g...###.#
####.....##
########....#...###
#.........#.##....
#......g..#.###.####
#.....)g@.†........#
######...g.)g[.#.####...#
#....(##########.#.###.......
####.....# #.....[...#
>...### #........#
#########.# ##### ####.....#
#.# ##)#### ##########.# #.#
#..........# #.# #.#######..#


You could see Robin and 3 goblins.

Vanquished Creatures
  An adder (D:2)
  An endoplasm (D:1)
  2 giant cockroaches
  4 goblins
  5 hobgoblins (D:2)
  4 kobolds
  3 ball pythons
  6 bats
  2 frilled lizards (D:2)
  3 rats
31 creatures vanquished.

Vanquished Creatures (others)
  86 foxfires
86 creatures vanquished.

Grand Total: 117 creatures vanquished

Notes
Turn   | Place    | Note
-------+----------+-------------------------------------------
     0 | D:1      | Essalna the Tengu Fire Elementalist began the quest for the
                  | Orb.
     0 | D:1      | Reached XP level 1. HP: 10/10 MP: 4/4
   157 | D:1      | Found Zohoxt's Assorted Antiques.
   188 | D:1      | Found Loquises's Antique Armour Boutique.
   191 | D:1      | Found Xask's Antique Armour Shop.
   219 | D:1      | Found Awkeduc's Armour Boutique.
   420 | D:1      | Reached XP level 2. HP: 16/16 MP: 1/6
   563 | D:1      | Found a faded altar of an unknown god.
   864 | D:2      | Reached skill level 1 in Fighting
  1071 | D:2      | Reached XP level 3. HP: 11/20 MP: 2/7
  1424 | D:2      | Learned a level 2 spell: Scorch
  1451 | D:2      | Noticed Robin
  1551 | D:2      | HP: 1/20 [goblin/+0 dagger[Robin] (3)]
  1555 | D:2      | Slain by a goblin

Illustrated notes

Levels and vault maps discovered:
D:1:      dpeg_arrival_castle, layout_rooms, serial_shops, shop_fountains, shop,
          shop, shop, ebering_ecumenical_altar_mist, minmay_tiny_reverse_x
D:2:      layout_basic, kennysheep_nub, pf_guarded_unrand_woodcutter, uniq_robin

Skill      XL: |  1  2 |
---------------+-------+-----
Conjurations   | 2 |  2.7
Fighting       | 1 |  1.4
Dodging        | |  2.1
Stealth        | |  2.0
Spellcasting   | |  2.0
Fire Magic     | |  3.9

Action                     || total
---------------------------++-------
  Melee: Unarmed           ||    41
         Kick              ||     8
         Peck              ||     6
   Cast: Foxfire           ||    48
    Use: Potion            ||     1
   Stab: Sleeping          ||     4
 Armour: Robe              ||    13
  Dodge: Dodged            ||    41
  Block: Buckler           ||     8

Table legend: (Time is in decaauts)
 A = Elapsed time spent in this place.
 B = Non-inter-level travel time spent in this place.
 C = Inter-level travel time spent in this place.
 D = Time resting spent in this place.
 E = Time spent auto-exploring this place.
 F = Levels seen in this place.
 G = Mean time per level.
                   A        B        C        D        E       F      G
               +--------+--------+--------+--------+--------+-----+--------+
         Total |   1560 |   1514 |     46 |      0 |   1266 |   2 |  780.0 |
       Dungeon |   1560 |   1514 |     46 |      0 |   1266 |   2 |  780.0 |
               +--------+--------+--------+--------+--------+-----+--------+

Top non-repeatable levels by time:
     D:1: 882 daAuts
     D:2: 677 daAuts
